AoeStats
← Lord Juan II

MegaRandom

505209168Analyzed
4v4 RM · 24d ago on Sep 8, 2026· 28m 19s· 8 players
Game mode
Random Map
Map size
Large (8 player)
Population
200
Speed
Normal
Resources
Standard
Victory
Conquest
Starting age
Dark Age
Ending age
Imperial Age
RankedLock teamsTeams togetherTeam positionsShared explorationLock speedFull tech treeHidden civsTurbo modeCheats
Victory
Defeat
🇹🇷 Mongols · Türkiye
1212
+16
🇧🇪 Shu · Belgium
1109
+20
🇭🇰 Bohemians · Hong Kong SAR China
1070
+22
🇹🇷 Koreans · Türkiye
1057
+22
🇭🇰 Ethiopians · Hong Kong SAR China
1256
-21
🇨🇳 Slavs · China
1226
-21
🇨🇳 Mongols · China
1183
-19
🇹🇭 Magyars · Thailand
1166
-19
Yo win
7:49 Loom
10:19 Feudal Age
15:17 Double-Bit Axe
15:18 Horse Collar
16:17 Fletching
21:59 Castle Age
22:22 Padded Archer Armor
22:30 Gold Mining
23:55 Bow Saw
24:25 Bodkin Arrow
25:42 Wheelbarrow
26:17 Leather Archer Armor
28:06 Bloodlines
ocheda
5:07 Loom
7:08 Loom
9:22 Feudal Age
10:42 Double-Bit Axe
14:35 Horse Collar
16:38 Fletching
22:35 Castle Age
21:49 Padded Archer Armor
23:49 Bodkin Arrow
23:30 Elite Skirmisher
伐伐伐伐伐木工
2:50 Loom
10:28 Feudal Age
10:36 Man-at-Arms
11:15 Double-Bit Axe
19:16 Gold Mining
21:45 Castle Age
20:29 Bloodlines
21:53 Forging
22:01 Pikeman
24:25 Scale Barding Armor
24:21 Scale Mail Armor
24:24 Squires
25:05 Wheelbarrow
27:48 Husbandry
28:13 Chain Barding Armor
28:29 Iron Casting
Lord Juan II
10:12 Feudal Age
JuLyeN
10:37 Feudal Age
10:05 Loom
16:58 Castle Age
17:00 Bloodlines
20:41 Double-Bit Axe
23:23 Fletching
24:14 Gold Mining
25:20 Padded Archer Armor
25:50 Bodkin Arrow
27:17 Leather Archer Armor
27:40 Husbandry
29:17 Ballistics
Journey
5:36 Loom
12:51 Feudal Age
21:49 Double-Bit Axe
25:12 Fletching
25:08 Horse Collar
27:03 Padded Archer Armor
Dr_Glijpo
6:40 Loom
9:41 Feudal Age
14:23 Castle Age
15:22 Double-Bit Axe
22:55 Scale Barding Armor
27:14 Chain Barding Armor
hknarsln
15:01 Feudal Age
18:49 Castle Age
18:28 Double-Bit Axe
18:25 Horse Collar
19:04 Fletching
19:38 Thumb Ring
22:58 Bow Saw
25:38 Husbandry
Connection lost

Rejoining the realm…

Still unreachable

The connection could not be restored.

Session expired

The server has moved on; the page needs a fresh start.